 Dungeon Crawl Stone Soup version 0.20.1-1-g8b1a95d (webtiles) character file.

36 Jannitor the Vexing (level 3, 0/24 HPs)
             Began as a Demonspawn Enchanter on Sept 4, 2017.
             Slain by a kobold
             ... wielding a +0 short sword
              (3 damage)
             ... on level 2 of the Dungeon.
             The game lasted 00:02:06 (970 turns).

Jannitor the Vexing (Demonspawn Enchanter)           Turns: 970, Time: 00:02:07

Health: 0/24       AC:  2    Str:  8    XL:     3   Next: 19%
Magic:  6/6        EV: 12    Int: 17    God:
Gold:   105        SH:  0    Dex: 13    Spells: 3/6 levels left

rFire    . . .     SeeInvis .   j - +1 dagger (venom)
rCold    . . .     Gourm    .   (no shield)
rNeg     . . .     Faith    .   b - +0 robe
rPois    .         Spirit   .   (no helmet)
rElec    .         Reflect  .   (no cloak)
rCorr    .         Harm     .   (no gloves)
MR       .....                  (no boots)
Stlth    ++........             (no amulet)
Regen    0.1/turn               (no ring)
MPRegen  0.1/turn               (no ring)

@: no status effects
A: demonic guardian 1
a: no special abilities


You were on level 2 of the Dungeon.
You were not hungry.

You visited 1 branch of the dungeon, and saw 2 of its levels.

You collected 105 gold pieces.

Inventory:

Hand Weapons
 a - a +1 dagger
 e - a +1 dagger of venom
 j - a +1 dagger of venom (weapon)
Armour
 b - a +0 robe (worn)
Jewellery
 h - a cursed amulet of inaccuracy {unknown}
Scrolls
 g - 4 scrolls of identify {unknown}
Potions
 f - 2 potions of mutation {unknown}
 i - a potion of heal wounds {unknown}
 m - a potion of curing {unknown}
Books
 c - a book of Maledictions

   Spells                             Type                      Level
   a - Corona                         Hexes                        1
   b - Ensorcelled Hibernation        Hexes/Ice                    2
   c - Confuse                        Hexes                        3
   d - Tukima's Dance                 Hexes                        3
   e - Dazzling Spray                 Conjuration/Hexes            3
Comestibles
 d - a bread ration
 k - 2 meat rations
 l - 4 fruits


   Skills:
 + Level 1.6 Short Blades
 - Level 1.7 Dodging
 + Level 3.2 Stealth
 - Level 2.0 Spellcasting
 + Level 3.5 Hexes


You had 3 spell levels left.
You knew the following spells:

 Your Spells              Type           Power        Failure   Level  Hunger
a - Corona                Hex            ##.....      4%          1    #......
b - Ensorcelled Hibernat  Hex/Ice        #.....       14%         2    ###....


Dungeon Overview and Level Annotations

Branches:
Dungeon (2/15)

Altars:


Innate Abilities, Weirdness & Mutations

A weak demonic guardian rushes to your aid.


Message History

The leopard gecko looks as sick as possible!
The leopard gecko is almost dead.
You kill the leopard gecko!
You closely miss the goblin. The goblin hits you with a dagger.
You barely miss the goblin. The goblin closely misses you.
You hit the goblin.
The goblin is poisoned.
The goblin is heavily wounded.
The goblin barely misses you.
You miss the goblin.
The goblin is heavily wounded.
The goblin hits you but does no damage.
You hit the goblin.
You kill the goblin!
The kobold closely misses you.
You closely miss the kobold. The kobold hits you with a short sword.
* * * LOW HITPOINT WARNING * * *
You closely miss the kobold. The kobold hits you but does no damage.
You hit the kobold but do no damage.
The kobold is poisoned.
The kobold hits you with a short sword.
You die...

#.# . #.# # .. ... .
... #.# .# ..###.##.#
.......###.
#)........
######..######..#.
........K@...%....
........#######>.....
.#####..# #..# #.##
#..# #.# #..# #.#
#..# #.# #..#
#.###########..###.##
#.##.....).)...K..g..


You could see a kobold.

Vanquished Creatures
  A dart slug (D:1)
  2 leopard geckos
  A giant cockroach (D:1)
  7 goblins
  4 hobgoblins (D:1)
  5 kobolds
  A ball python (D:1)
  3 bats (D:1)
  5 rats
29 creatures vanquished.

Notes
Turn   | Place    | Note
-------+----------+-------------------------------------------
     0 | D:1      | Jannitor the Demonspawn Enchanter began the quest for the Orb.
     0 | D:1      | Reached XP level 1. HP: 13/13 MP: 3/3
    22 | D:1      | Reached skill level 1 in Short Blades
   111 | D:1      | Gained mutation: A weak demonic guardian rushes to your aid. [demonic ancestry]
   111 | D:1      | Reached XP level 2. HP: 19/19 MP: 5/5
   325 | D:1      | Learned a level 2 spell: Ensorcelled Hibernation
   904 | D:2      | Reached XP level 3. HP: 24/24 MP: 6/6
   970 | D:2      | Slain by a kobold

Skill      XL: |  1  2 |
---------------+-------+-----
Short Blades   | 1 |  1.6
Stealth        | 3 |  3.2
Dodging        | |  1.7
Spellcasting   | |  2.0
Hexes          | |  3.5

Action                   || total
-------------------------++-------
Melee: Dagger            ||    78
 Cast: Ensorcelled Hiber ||     1
 Stab: Sleeping          ||     5
Armor: Robe              ||    11
Dodge: Dodged            ||    48
